 Dungeon Crawl Stone Soup version 0.26-a0-808-g930a2b7adc (webtiles) character file.

Game seed: 15233120374140956105

26 Descartes the Sneak (level 2, 0/12 HPs)
             Began as a Felid Transmuter on Nov 12, 2020.
             Slain by a leopard gecko (5 damage)
             ... on level 2 of the Dungeon.
             The game lasted 00:01:20 (1322 turns).

Descartes the Sneak (Felid Transmuter)              Turns: 1322, Time: 00:01:21

Health: 0/12       AC:  1    Str:  6    XL:     2   Next: 89%
Magic:  6/6        EV: 18    Int: 14    God:
Gold:   16         SH:  0    Dex: 16    Spells: 4/5 levels left
                                        Lives:  0   Deaths: 0

rFire    . . .     SeeInvis +     - Unarmed
rCold    . . .     Faith    .   (shield unavailable)
rNeg     . . .     Spirit   .   (armour unavailable)
rPois    .         Reflect  .   (helmet unavailable)
rElec    .         Harm     .   (cloak unavailable)
rCorr    .         Rampage  .   (gloves unavailable)
MR       .....                  (boots unavailable)
Stlth    +++.......             (no amulet)
HPRegen  0.04/turn              (no ring)
MPRegen  0.10/turn              (no ring)

@: appendages (expiring), quick
A: very small, no armour, no weapons or thrown items, stealth, claws 1, fangs 3,
horns 2, see invisible, speed 1, shaggy fur 1, sharp paws
a: End Transformation


You were on level 2 of the Dungeon.
You had grown temporary horns.
You visited 1 branch of the dungeon, and saw 2 of its levels.

You collected 16 gold pieces.

Inventory:

Missiles
 c - 70 stones
Scrolls
 a - a scroll of fear {unknown}
Potions
 b - a potion of heal wounds {unknown}


   Skills:
 - Level 1.0 Fighting
 - Level 2.6 Dodging
 + Level 3.9 Stealth
 - Level 3.0 Unarmed Combat
 - Level 2.0 Spellcasting
 - Level 2.1 Transmutations


You had 4 spell levels left.
You knew the following spells:

 Your Spells              Type           Power        Failure   Level
a - Beastly Appendage     Tmut           #.....       10%         1

Your spell library contained the following spells:

 Spells                   Type           Power        Failure   Level
 Wereblood                Tmut           #.......     14%         2
 Spider Form              Tmut/Pois      #.........   41%         3
 Ice Form                 Ice/Tmut       #.......     83%         4
 Blade Hands              Tmut           #.........   95%         5


Dungeon Overview and Level Annotations

Branches:
Dungeon (2/15)

Altars:
Ashenzari


Innate Abilities, Weirdness & Mutations

You cannot wear armour.
You are incapable of wielding weapons or throwing items.
Your paws allow you to move quietly. (Stealth)
You have sharp claws.
You have razor-sharp teeth.
You have supernaturally acute eyesight. (SInv)
You cover ground quickly.
You are covered in fur. (AC +1)
Your sharp claws are effective at attacking unaware monsters.
You have a pair of horns on your head.


Message History

You scratch the leopard gecko. Your bite misses the leopard gecko.
The leopard gecko is almost dead.
The leopard gecko misses you.
You scratch the leopard gecko but do no damage.
Your bite misses the leopard gecko.
The leopard gecko is almost dead.
The leopard gecko closely misses you.
You closely miss the leopard gecko.
The leopard gecko is almost dead.
The leopard gecko bites you. The leopard gecko closely misses you.
You are too injured to fight recklessly!
You are too injured to fight recklessly!
You are too injured to fight recklessly!
You are too injured to fight recklessly!
You are too injured to fight recklessly!
A leopard gecko is nearby!
You scratch the leopard gecko but do no damage.
The leopard gecko is almost dead.
The leopard gecko bites you.
You die...

# ##### ..
#..<###.###
#####..........
#......@..#.##.
#.##.#.l#.#
#.#..#.# #
...#.# .##.# #
#. #.# . ... ##
###


You could see a leopard gecko.

Vanquished Creatures
  A dart slug (D:1)
  5 goblins (D:1)
  4 hobgoblins (D:1)
  3 kobolds (D:1)
  3 bats (D:1)
  5 frilled lizards (D:1)
  3 rats (D:1)
24 creatures vanquished.

Notes
Turn   | Place    | Note
-------+----------+-------------------------------------------
     0 | D:1      | Descartes the Felid Transmuter began the quest for the Orb.
     0 | D:1      | Reached XP level 1. HP: 9/9 MP: 4/4
    67 | D:1      | Reached skill level 1 in Stealth
   161 | D:1      | Reached XP level 2. HP: 11/12 MP: 6/6
   799 | D:1      | Found a broken altar of Ashenzari.
  1322 | D:2      | Slain by a leopard gecko

Illustrated notes

Levels and vault maps discovered:
D:1:      dpeg_arrival_boxes_within_box, layout_loops_ring, minivault_19,
          nicolae_ashenzari_panopticon
D:2:      layout_loops_cross, uniq_terence

Skill      XL: |  1  2 |
---------------+-------+-----
Stealth        | 2 3 |  3.9
Fighting       | |  1.0
Dodging        | |  2.6
Unarmed Combat | |  3.0
Spellcasting   | |  2.0
Transmutations | |  2.1

Action                   || total
-------------------------++-------
Melee: Unarmed           ||    60
       Bite              ||     3
       Headbutt          ||     2
 Cast: Beastly Appendage ||     7
 Stab: Sleeping          ||     5
Armor: Skin              ||     3
Dodge: Dodged            ||    40

Table legend: (Time is in decaauts)
 A = Elapsed time spent in this place.
 B = Non-inter-level travel time spent in this place.
 C = Inter-level travel time spent in this place.
 D = Time resting spent in this place.
 E = Time spent auto-exploring this place.
 F = Levels seen in this place.
 G = Mean time per level.
                   A        B        C        D        E       F      G
               +--------+--------+--------+--------+--------+-----+--------+
         Total |   1156 |   1128 |     28 |      0 |    988 |   2 |  578.0 |
       Dungeon |   1156 |   1128 |     28 |      0 |    988 |   2 |  578.0 |
               +--------+--------+--------+--------+--------+-----+--------+

Top non-repeatable levels by time:
     D:1: 1146 daAuts
     D:2: 10 daAuts
